[Event "*** Titled Tuesday Blitz"]
[Site "Chess.com"]
[Date "2019.01.01"]
[Round "4"]
[White "Kurai"]
[Black "fancyknightmaneuvers"]
[Result "1-0"]
[WhiteElo "2526"]
[BlackElo "2447"]
[TimeControl "180+2"]
[EndTime "13:54:34 PST"]
[Termination "Kurai won by resignation"]

1. e4 c5 2. Nf3 e6 3. c3 Nf6 4. e5 Nd5 5. d4 cxd4 6. cxd4 d6 7. Nc3 Nxc3 8. bxc3 Qc7 9. Bd2 Nd7 10.
exd6 Bxd6 11. Bd3 b6 12. O-O Bb7 13. Re1 O-O 14. Qe2 Bf4 15. Rac1 Bxd2 16. Nxd2 Nf6 17.
Nf3 Rac8 18. Ne5 Nd7 19. Qh5 g6 20. Qh4 Nxe5 21. Rxe5 Qd8 22. Qf4 Rc7 23. h4 Qc8 24. Qd2 Qd8 25. h5 Qf6 26. Qh6 Qg7 27. Qf4 Rfc8 28. c4 Bd5 29. hxg6 hxg6 30. c5 bxc5 31. Ba6 Rb8 32. dxc5 Rb2 33. Rxd5 exd5 34. Qxc7 Qd4 35. Qg3 Rxa2 36. Bf1 Qd2 37. Qe3 Qb2 38. c6 Ra3 39. c7 Rxe3 40. c8=Q+ Kg7 41. fxe3 Qd2 42. Qc3+ Qxc3 43.
Rxc3 1-0

[Event "*** Titled Tuesday Blitz"]
[Site "Chess.com"]
[Date "2019.01.01"]
[Round "4"]
[White "xxysoul6"]
[Black "Korchmar_Vasiliy"]
[Result "1-0"]
[WhiteElo "2912"]
[BlackElo "2784"]
[TimeControl "180+2"]
[EndTime "13:54:35 PST"]
[Termination "xxysoul6 won by resignation"]

1. d4 Nf6 2. c4 g6 3. Nc3 d5 4.
Nf3 Bg7 5. h4 Bg4 6. Ne5 Bf5 7.
Bg5 c5 8. dxc5 O-O 9. cxd5 Ne4 10. Bf4 Nxc3 11. bxc3 Na6 12. f3 Nxc5 13. e4 Qd6 14. Qd4 Nd7 15. exf5 Nxe5 16. Be2 Nxf3+ 17. Bxf3 Bxd4 18.
Bxd6 Bxc3+ 19. Ke2 exd6 20. Rac1 Rac8 21. Kd3 Be5 22. Bg4 Rc5 23. Rxc5 dxc5 24. Re1 Bd6 25. fxg6 hxg6 26. a4 b6 27. Kc4 Rd8 28. Kb5 Bg3 29. Rd1 Bxh4 30. d6 f5 31. Bf3 Bg3 32. d7 Kf7 33. Kc6 c4 34. Bd5+ Kf6 35. Bxc4 g5 36.
Rd3 Be5 37. Rh3 g4 38. Rh6+ Kg7 39. Re6 Bb8 40. Re8 1-0

[Event "*** Titled Tuesday Blitz"]
[Site "Chess.com"]
[Date "2019.01.01"]
[Round "4"]
[White "olksuna"]
[Black "Sunrise777"]
[Result "1-0"]
[WhiteElo "2497"]
[BlackElo "2647"]
[TimeControl "180+2"]
[EndTime "13:54:35 PST"]
[Termination "olksuna won on time"]

1. c4 Nf6 2. g3 g6 3. Bg2 c5 4.
Nc3 Bg7 5. Nf3 Nc6 6. d4 cxd4 7. Nxd4 O-O 8. O-O d6 9. Nxc6 bxc6 10. Bxc6 Rb8 11.
Bg2 Qa5 12. Nb5 a6 13. Nd4 Bd7 14. b3 d5 15. Bd2 Qc5 16. Be3 Qa5 17. Bf4 Rbc8 18.
Rc1 dxc4 19. Rxc4 Rxc4 20. bxc4 Qxa2 21. c5 Nd5 22. Nf5 Nxf4 23. Nxe7+ Kh8 24. Qxd7 Nxg2 25.
Kxg2 Qxe2 26. c6 Bf6 27. Nd5 Bd4 28. c7 Qc2 29. Ne7 Qe4+ 30. Kg1 1-0

[Event "*** Titled Tuesday Blitz"]
[Site "Chess.com"]
[Date "2019.01.01"]
[Round "4"]
[White "shnitez"]
[Black "Shant_Sargsyan"]
[Result "0-1"]
[WhiteElo "2554"]
[BlackElo "2960"]
[TimeControl "180+2"]
[EndTime "13:54:37 PST"]
[Termination "Shant_Sargsyan won by resignation"]

1. e4 c5 2. Nf3 d6 3. Bb5+ Bd7 4. Bxd7+ Qxd7 5. c4 Nc6 6. d4 Qg4 7. d5 Qxe4+ 8. Be3 Ne5 9. Nxe5 Qxe5 10. Qa4+ Kd8 11. Nd2 Qf5 12. b4 Qd7 13. Qb3 b6 14. a4 a5 15. bxc5 bxc5 16. Nb1 Nf6 17. Nc3 g6 18. Rd1 Bg7 19. O-O Ng4 20. Nb5 Nxe3 21. Qxe3 Bf6 22. Kh1 h5 23. f4 Ke8 24. f5 g5 25. Rde1 Kf8 26. Re2 Kg7 27. Qe4 g4 28. Rfe1 Rag8 29.
Rf1 Rh6 30. Ref2 Kh7 31. Qe1 Qd8 32. Qe4 g3 33. hxg3 Rxg3 34. Rf3 Rg4 35. Rf4 Qg8 36. Kg1 Rxf4 37. Rxf4 Qg3 38. Rf3 Qg5 39. Qf4 Qxf4 40.
Rxf4 h4 41. Rf3 Kg7 42. Nc7 Be5 43. Kf1 Rh5 44. Ke2 Kf6 45. Ne8+ Kg5 46. Ke3 Kg4 47. Ke4 Rh8 48. Nc7 Rg8 49. Nb5 Kh5 50. Kd3 Rxg2 51. Nc7 Kg4 52. Rf1 h3 53. Ne8 h2 0-1

[Event "*** Titled Tuesday Blitz"]
[Site "Chess.com"]
[Date "2019.01.01"]
[Round "4"]
[White "StoreySniper"]
[Black "TheNomNomFactor"]
[Result "1-0"]
[WhiteElo "2334"]
[BlackElo "2396"]
[TimeControl "180+2"]
[EndTime "13:54:41 PST"]
[Termination "StoreySniper won by resignation"]

1. g3 Nf6 2. Bg2 g6 3. c4 Bg7 4. Nc3 O-O 5. d4 c5 6. d5 e6 7. e4 exd5 8. exd5 d6 9. Nge2 Re8 10. O-O Bf5 11. Bf4 Ne4 12. Nxe4 Bxe4 13. f3 Bf5 14. Qd2 Qb6 15. Nc3 Na6 16. Rae1 Nb4 17. Ne4 Bxe4 18.
fxe4 Nxa2 19. Kh1 Be5 20. Bxe5 Rxe5 21. Rf6 Nb4 22. Ref1 Rf8 23. Bh3 Re7 24. e5 Rxe5 25. Be6 Qc7 26. Rxf7 Rxf7 27. Rxf7 Qxf7 28. Bxf7+ Kxf7 29.
Qh6 Kg8 30. Qh3 Re7 31. Qc8+ Kg7 32. Qd8 Re1+ 33. Kg2 Re2+ 34. Kf3 Rxb2 35. Qe7+ Kh6 36. Qf8+ Kh5 37. g4+ Kg5 38. h4+ Kxh4 39. Qf6+ Kh3 40. Qxb2 Nd3 41. Qg2+ Kh4 42. Qh2+ Kg5 43. Qd2+ 1-0

[Event "*** Titled Tuesday Blitz"]
[Site "Chess.com"]
[Date "2019.01.01"]
[Round "4"]
[White "Keranke"]
[Black "DoHoChess"]
[Result "1-0"]
[WhiteElo "2755"]
[BlackElo "2602"]
[TimeControl "180+2"]
[EndTime "13:54:42 PST"]
[Termination "Keranke won by resignation"]

1. d4 Nf6 2. c4 e6 3. Nc3 Bb4 4.
e3 O-O 5. Ne2 c6 6. a3 Ba5 7. b4 Bc7 8. Bb2 d5 9. Ng3 dxc4 10.
Bxc4 e5 11. dxe5 Bxe5 12. O-O Bg4 13. Qb3 b5 14. Be2 Be6 15. Qc2 Qb6 16. Nd5 Bxd5 17. Bxe5 Nbd7 18. Bd4 Qb7 19. Nf5 c5 20. Ne7+ Kh8 21.
Nxd5 cxd4 22. Nxf6 Nxf6 23. exd4 Rad8 24. Rfd1 Nd5 25.
Rac1 Nf4 26. Bf3 Qb6 27. Qc5 Qg6 28. Qxb5 Rfe8 29. g3 Nh3+ 30. Kf1 Qf6 31. Kg2 Ng5 32. Bc6 Re6 33. h4 Ne4 34. Bxe4 Rxe4 35. Qg5 Rexd4 36. Qxf6 gxf6 37. Rxd4 Rxd4 38. Rc7 a5 39. bxa5 Kg7 40. a6 Ra4 41. a7 Rxa3 42. Kf1 h5 43. Ke2 Kg6 44.
Kd2 f5 45. f4 Kf6 46. Kc2 Kg6 47. Kb2 Ra6 48. Kb3 Ra1 49. Kb4 Kf6 50. Kb5 Rb1+ 51. Kc6 Rc1+ 52. Kb7 Rb1+ 53. Kc8 Ra1 54. Kb8 Rb1+ 55.
Rb7 Rxb7+ 1-0

[Event "*** Titled Tuesday Blitz"]
[Site "Chess.com"]
[Date "2019.01.01"]
[Round "4"]
[White "WPWPWP-2015"]
[Black "Slovak_fighter2000"]
[Result "0-1"]
[WhiteElo "2273"]
[BlackElo "2442"]
[TimeControl "180+2"]
[EndTime "13:54:45 PST"]
[Termination "Slovak_fighter2000 won on time"]

1. e4 Nf6 2. Nc3 d5 3. exd5 Nxd5 4. Bc4 e6 5. d4 Be7 6. Nf3 O-O 7. O-O Nxc3 8.
bxc3 c5 9. Re1 b6 10. a4 Nc6 11. Bd3 Bb7 12. Bb2 Bf6 13. Be4 Qc7 14. Qe2 Rfd8 15.
Rad1 Rac8 16. h3 cxd4 17. cxd4 Na5 18. Bd3 Bc6 19. c4 Bxa4 20. Ra1 Bb3 21. Rac1 Ba4 22.
c5 Bc6 23. Ne5 Bxe5 24. dxe5 Qd7 25. Rcd1 Qe7 26. cxb6 axb6 27. Qh5 g6 28. Qh6 Ba4 29. Ra1 Rxd3 30. Rxa4 Rc4 31. Raa1 Qh4 32. Qxh4 Rxh4 33. Bc1 Rc4 34. Bg5 Rdc3 35. Reb1 Rc5 36. Rxb6 Kg7 37. Bf6+ Kh6 38. Rb4 R3c4 0-1

[Event "*** Titled Tuesday Blitz"]
[Site "Chess.com"]
[Date "2019.01.01"]
[Round "4"]
[White "2165149677570"]
[Black "jacky72"]
[Result "0-1"]
[WhiteElo "2348"]
[BlackElo "2605"]
[TimeControl "180+2"]
[EndTime "13:54:50 PST"]
[Termination "jacky72 won by resignation"]

1. e4 e5 2. Nf3 Nc6 3. Bb5 a6 4. Ba4 d6 5. Bxc6+ bxc6 6. d4 exd4 7. Nxd4 c5 8. Ne2 Be7 9. O-O Nf6 10. Nbc3 O-O 11. f3 Re8 12. Be3 Bf8 13. Bf2 Qe7 14. Nf4 Bb7 15. Nfd5 Nxd5 16. Nxd5 Qd7 17. Qd2 Rab8 18. c4 Bxd5 19. exd5 g6 20. b3 Bg7 21.
Rae1 h5 22. Rxe8+ Rxe8 23. Re1 Ra8 24. Qa5 c6 25. Qb6 cxd5 26. cxd5 a5 27. a4 Kh7 28. Re4 Ra7 29. Be1 Rb7 30. Qc6 Qxc6 31. dxc6 Rc7 32. Bxa5 Rxc6 33. Bd8 d5 34. Re2 Bd4+ 35. Kf1 Rc8 36. Bb6 Kg7 37. a5 Rb8 38. Re7 Kf6 39. Rc7 Ke6 40. Ke2 Bg1 41. Kd3 c4+ 42. bxc4 Bxb6 43.
Rc6+ Kd7 44. Rxb6 dxc4+ 45. Kxc4 Rc8+ 46. Kd5 Rc2 47. Rb7+ Kc8 48. a6 Rxg2 49. Rxf7 Kb8 50. Kc6 Rxh2 51. Kb6 Rb2+ 52. Kc6 Rb3 53. f4 Ra3 54. Kb6 Rb3+ 55. Kc6 h4 56. Rh7 h3 57. Kd6 Ra3 58. Rxh3 Rxh3 59. Ke6 Rf3 60. Ke5 Ka7 0-1

[Event "*** Titled Tuesday Blitz"]
[Site "Chess.com"]
[Date "2019.01.01"]
[Round "4"]
[White "j2806"]
[Black "IngOscarArdila"]
[Result "0-1"]
[WhiteElo "1736"]
[BlackElo "2072"]
[TimeControl "180+2"]
[EndTime "13:54:51 PST"]
[Termination "IngOscarArdila won by resignation"]

1. e4 e5 2. Nf3 Nf6 3. Nxe5 d6 4.
Nf3 Nxe4 5. Nc3 Nf6 6. d4 Be7 7.
Be3 O-O 8. Qd2 Bf5 9. O-O-O Nc6 10. Bd3 Bxd3 11. Qxd3 d5 12. h3 Bb4 13. g4 Bxc3 14.
Qxc3 Ne4 15. Qb3 b6 16. Rdg1 a5 17. g5 a4 18. Qd3 Nb4 19. Qa3 c5 20. dxc5 bxc5 21.
Bxc5 Nxc5 22. Qxb4 Qc7 23. Qc3 Rfc8 24. h4 Qf4+ 25.
Qe3 Qc4 26. Nd4 Qxa2 27. Qa3 Qc4 28. Rd1 Nb3+ 29. Kb1 Nxd4 30. Qd3 Qxd3 31. Rxd3 Rc4 32.
Rhd1 Ne6 33. Rxd5 Rac8 34. c3 h6 35. gxh6 gxh6 36. Rg1+ Kh7 37. Rd3 Rf4 38. Rdg3 Rxf2 39. Rg7+ Nxg7 0-1

[Event "*** Titled Tuesday Blitz"]
[Site "Chess.com"]
[Date "2019.01.01"]
[Round "4"]
[White "Kirill_Klukin"]
[Black "josmito10"]
[Result "0-1"]
[WhiteElo "2594"]
[BlackElo "2777"]
[TimeControl "180+2"]
[EndTime "13:54:52 PST"]
[Termination "josmito10 won by resignation"]

1. d4 Nf6 2. Nf3 d5 3. c4 e6 4. Nc3 dxc4 5. e3 a6 6. a4 c5 7. Bxc4 Nc6 8. O-O Bd6 9. h3 O-O 10. b3 Qe7 11. Bb2 Rd8 12. Qe2 cxd4 13. exd4 Na5 14.
Rfe1 Bd7 15. d5 Nxc4 16. bxc4 Re8 17. Ne4 Nxe4 18. Qxe4 exd5 19. Qd3 Qd8 20. Qd4 Bf8 21. cxd5 Rxe1+ 22. Rxe1 Rc8 23. Ne5 Bf5 24. Ng4 Bxg4 25. Qxg4 Rc2 26. Ba1 Qxd5 27. Bxg7 h5 28. Qd4 Qxd4 29.
Bxd4 Rc4 30. Bf6 Bc5 31. Re8+ Kh7 32. Rb8 Rc1+ 0-1

[Event "*** Titled Tuesday Blitz"]
[Site "Chess.com"]
[Date "2019.01.01"]
[Round "4"]
[White "GulamaliRises"]
[Black "riconaipe"]
[Result "0-1"]
[WhiteElo "2631"]
[BlackElo "2446"]
[TimeControl "180+2"]
[EndTime "13:54:55 PST"]
[Termination "riconaipe won on time"]

1. e4 c6 2. d4 d5 3. f3 e6 4.
Nc3 Bb4 5. Bf4 Nf6 6. Qd3 b6 7.
Ne2 Ba6 8. Qe3 O-O 9. O-O-O Nbd7 10. a3 Be7 11. g4 Ne8 12. h4 Nd6 13. Bxd6 Bxd6 14.
e5 Be7 15. f4 c5 16. f5 Rc8 17. g5 exf5 18. Nxd5 Nb8 19. Nf6+ Kh8 20. d5 Bxf6 21.
gxf6 gxf6 22. e6 fxe6 23. dxe6 Qe7 24. Nf4 Bb7 25. Rg1 Rcd8 26. Bd3 Nc6 27. Bxf5 Ne5 28. h5 Rxd1+ 29. Rxd1 Rd8 30. Rxd8+ Qxd8 31. h6 Qf8 32. Nh5 Bc8 33. e7 Qe8 34. Nxf6 Qxe7 35. Nd5 Qd6 36.
Qg5 Qf8 0-1

[Event "*** Titled Tuesday Blitz"]
[Site "Chess.com"]
[Date "2019.01.01"]
[Round "4"]
[White "FelixBlohberger"]
[Black "Nathan_Filgueiras"]
[Result "1-0"]
[WhiteElo "2584"]
[BlackElo "2337"]
[TimeControl "180+2"]
[EndTime "13:54:56 PST"]
[Termination "FelixBlohberger won on time"]

1. c4 Nf6 2. Nc3 e5 3. e3 d5 4.
cxd5 Nxd5 5. Qh5 Nc6 6. Bb5 Qd6 7. Nf3 Nf6 8. Qxe5+ Be7 9. O-O O-O 10. Qxd6 Bxd6 11. d4 Bg4 12. h3 Bh5 13. b3 Rad8 14. Bb2 Bg6 15. Nh4 Nb4 16. Nxg6 hxg6 17. a3 a6 18. Be2 Nbd5 19. Nxd5 Nxd5 20. Bf3 c6 21. g3 Rfe8 22.
Rac1 Nf6 23. Kg2 Ne4 24. Rfd1 f5 25. h4 Kf7 26. b4 Bf8 27. g4 Nf6 28. g5 Ne4 29. Rc2 Rd5 30. Rdc1 Bd6 31. Be2 Be7 32. Bc4 Rh8 33. Rh1 Ke6 34. f3 Nd6 35. Bb3 Nb5 36. e4 1-0

[Event "*** Titled Tuesday Blitz"]
[Site "Chess.com"]
[Date "2019.01.01"]
[Round "4"]
[White "Daniela_Movileanu"]
[Black "kleinebeer98"]
[Result "1/2-1/2"]
[WhiteElo "2501"]
[BlackElo "2696"]
[TimeControl "180+2"]
[EndTime "13:55:00 PST"]
[Termination "Game drawn by repetition"]

1. e4 e5 2. Nf3 Nc6 3. Bc4 Nf6 4. c3 Nxe4 5. O-O d5 6. Bb5 Bd6 7. Re1 Bg4 8. h3 Bxf3 9. Qxf3 O-O 10. d3 Nf6 11.
Bg5 a6 12. Ba4 e4 13. dxe4 dxe4 14. Rxe4 Nxe4 15. Bxd8 Raxd8 16. Bxc6 bxc6 17. Na3 Rfe8 18. Nc4 Bc5 19. Rf1 Nd2 20. Nxd2 Rxd2 21. b4 Bb6 22. Qxc6 Red8 23. Kh2 h5 24. h4 R8d6 25. Qe8+ Kh7 26. Qxf7 Rg6 27. Qf5 Rxa2 28. c4 Bd4 29. Qxh5+ Rh6 30.
Qf5+ Kh8 31. g3 a5 32. bxa5 c5 33. Kh3 Rxa5 34. Re1 Ra8 35. Re7 Rg8 36. Qf7 Rf6 37. Qh5+ Rh6 38. Qd5 Bxf2 39. Re6 Rxe6 40. Qxe6 Rf8 41.
Qg6 Bd4 42. Qh5+ Kg8 43. Qd5+ Kh8 44. Qh5+ Kg8 45. Qd5+ Kh7 46. Qh5+ Kg8 47. Qd5+ Kh8 48. Qh5+ Kg8 49. Qd5+ Kh8 50. Qh5+ Kg8 1/2-1/2

[Event "*** Titled Tuesday Blitz"]
[Site "Chess.com"]
[Date "2019.01.01"]
[Round "4"]
[White "P0ubelle"]
[Black "tteshan"]
[Result "0-1"]
[WhiteElo "2173"]
[BlackElo "2135"]
[TimeControl "180+2"]
[EndTime "13:55:00 PST"]
[Termination "tteshan won by resignation"]

1. e4 c5 2. Nf3 Nc6 3. Bb5 Na5 4. O-O a6 5. Be2 g6 6. c3 Bg7 7. d4 cxd4 8. cxd4 Nf6 9. Nc3 O-O 10. d5 b5 11. Bd3 d6 12. h3 Nb7 13. Bc2 Nc5 14.
Re1 b4 15. Nb1 Qb6 16. Nbd2 a5 17. Nf1 Ba6 18. Ng3 h5 19. Bg5 Rfe8 20. Rc1 Nfd7 21. b3 Rac8 22. Be3 Qb7 23. Ng5 Bb2 24. Rb1 Bc3 25. Bd2 Be5 26. Nxh5 gxh5 27. Qxh5 Nf6 28. Qxf7+ Kh8 29. Qg6 e6 30. Nf7+ Qxf7 31. Qxf7 Rg8 32. dxe6 Rg7 33. Qxg7+ Kxg7 34. a3 Nxe6 35. Bd1 bxa3 36.
Bf3 a2 37. Ra1 Bxa1 38. Rxa1 Rc2 39. Bxa5 Nd4 40. Bd1 Nxb3 41. Bxc2 Nxa1 42. Bd1 Nxe4 43. f3 Nc2 44. Bxc2 a1=Q+ 45. Kh2 Qxa5 46. Bxe4 Qe5+ 47.
Kg1 Qg3 48. Bd5 Bd3 49. Bc6 Kf6 0-1

[Event "*** Titled Tuesday Blitz"]
[Site "Chess.com"]
[Date "2019.01.01"]
[Round "4"]
[White "patrisiii123"]
[Black "lucasmito"]
[Result "1-0"]
[WhiteElo "2283"]
[BlackElo "2417"]
[TimeControl "180+2"]
[EndTime "13:55:00 PST"]
[Termination "patrisiii123 won on time"]

1. e4 e5 2. Nf3 Nc6 3. Bc4 Nf6 4. d3 Bc5 5. c3 d6 6. b4 Bb6 7. a4 a5 8. b5 Ne7 9. O-O Ng6 10. Nbd2 h6 11.
Bb3 c6 12. Nc4 Bc7 13. bxc6 bxc6 14. Re1 O-O 15. d4 exd4 16. cxd4 d5 17. exd5 cxd5 18.
Nce5 Bf5 19. Nxg6 Bxg6 20. Ne5 Bh7 21. Qf3 Ne4 22. Ba3 Nd2 23. Qg3 Nxb3 24. Bxf8 Qxf8 25.
Qxb3 Qd6 26. Rac1 Rb8 27. Qf3 Rf8 28. Rc6 Qb4 29. Rec1 Qxd4 30. Nd7 Be4 31. Qe3 Bxh2+ 32. Kxh2 1-0

[Event "*** Titled Tuesday Blitz"]
[Site "Chess.com"]
[Date "2019.01.01"]
[Round "4"]
[White "Quiet_Desperation"]
[Black "Vegan4future"]
[Result "0-1"]
[WhiteElo "2372"]
[BlackElo "2347"]
[TimeControl "180+2"]
[EndTime "13:55:02 PST"]
[Termination "Vegan4future won by resignation"]

1. e4 c5 2. d4 e6 3. c3 Nf6 4.
e5 Nd5 5. Nf3 d6 6. Bd3 Nc6 7.
exd6 Bxd6 8. dxc5 Bxc5 9. O-O Qb6 10. b4 Be7 11. Qe2 Bd7 12. a4 a5 13. b5 Nd8 14. Ne5 Qd6 15. Ba3 Qc7 16. c4 Nb4 17. Bxb4 Bxb4 18. Nd2 O-O 19. Ndf3 Be8 20. Rad1 f6 21.
Ng4 e5 22. Nh4 Ne6 23. Qe4 Ng5 24. Qe2 Rd8 25. Nf5 Bg6 26. h4 Ne6 27. g3 Bc5 28. h5 Bxf5 29. Bxf5 Nd4 30. Qe4 Nxf5 31. Qxf5 Qc8 32.
Qxc8 Rxc8 33. Rd7 Rf7 34. Rfd1 h6 35. Rxf7 Kxf7 36. Rd7+ Kg8 37. Rxb7 Bd4 38. Ne3 Bxe3 39. fxe3 Rxc4 40. Ra7 Rxa4 41. b6 Rb4 42. b7 Kh7 43. Rxa5 Rxb7 44. Kf2 Kg8 45. Ra8+ Kf7 46. Rc8 g6 47.
hxg6+ Kxg6 48. Rg8+ Kf5 49. Rh8 Ke4 50. Rxh6 Rb2+ 51.
Kf1 f5 52. Rf6 Ra2 53. Kg1 Re2 54. Kf1 Rxe3 55. Kf2 Ra3 56. Kg2 Ra2+ 57. Kh3 f4 58.
gxf4 exf4 59. Re6+ Kf3 60. Kh4 Kg2 61. Kg4 f3 62. Rf6 f2 0-1

[Event "*** Titled Tuesday Blitz"]
[Site "Chess.com"]
[Date "2019.01.01"]
[Round "4"]
[White "Alexander_Donchenko"]
[Black "MikePerelshteyn"]
[Result "1-0"]
[WhiteElo "2655"]
[BlackElo "2405"]
[TimeControl "180+2"]
[EndTime "13:55:03 PST"]
[Termination "Alexander_Donchenko won by checkmate"]

1. e4 c6 2. d4 d5 3. exd5 cxd5 4.
Bd3 Nf6 5. c3 Nc6 6. Bf4 g6 7.
Nd2 Bf5 8. Bxf5 gxf5 9. Ne2 e6 10. O-O Bd6 11. Nb3 Qc7 12. Bxd6 Qxd6 13. Nc5 b6 14. Nd3 h5 15. a4 h4 16. h3 Ne4 17. Re1 Rg8 18.
Nef4 Rg5 19. f3 Ng3 20. b4 Rc8 21. a5 bxa5 22. b5 Ne7 23. Qd2 Rg7 24. Rxa5 Qc7 25. Ra3 Kf8 26. Rxe6 Ne4 27. fxe4 fxe4 28. Ne5 Rg3 29.
Nh5 e3 30. Qd3 fxe6 31. Qh7 Nf5 32. Qh8+ Ke7 33. Qf6+ Kd6 34. Ra6+ Qb6 35. Nxg3 hxg3 36. Qf7 Ne7 37. Qf4 Rxc3 38. Nc4+ Kd7 39. Nxb6+ axb6 40. Qxg3 Rc1+ 41. Kh2 e2 42. Ra7+ Ke8 43. Qg5 Rh1+ 44.
Kxh1 e1=Q+ 45. Kh2 Nf5 46. Qg8# 1-0

[Event "*** Titled Tuesday Blitz"]
[Site "Chess.com"]
[Date "2019.01.01"]
[Round "4"]
[White "pKiLz5Rn9b"]
[Black "Zhuu96"]
[Result "0-1"]
[WhiteElo "2671"]
[BlackElo "2880"]
[TimeControl "180+2"]
[EndTime "13:55:04 PST"]
[Termination "Zhuu96 won by resignation"]

1. Nf3 Nf6 2. b3 a5 3. c4 a4 4. b4 e6 5. a3 d5 6. e3 c5 7. bxc5 Bxc5 8. d4 Be7 9. Nc3 Bd7 10.
Bb2 O-O 11. Rc1 dxc4 12. Bxc4 Qa5 13. Qe2 Rc8 14. Ne5 b5 15. Nxd7 Nbxd7 16. Bxb5 Bxa3 17.
O-O Bxb2 18. Qxb2 Rab8 19. h3 h6 20. Qa3 Rxc3 21. Rxc3 Qxb5 22. Ra1 Ra8 23. Rc2 Nd5 24. Rb2 Qc6 25. Rbb1 N7b6 26. Rc1 Nc4 27. Qa2 Ndb6 28.
Rc2 a3 29. Rac1 Ra4 30. Rc3 Qa8 31. R3c2 Qe4 32. Rc3 h5 33. h4 g6 34. R3c2 Qd5 35. Qb3 Qa5 36. Qa2 Rb4 37. Rc3 Rb2 38. Qa1 Qb4 39.
R3c2 Rxc2 40. Rxc2 Qb3 41. Rc1 Nd5 42. Rb1 Nb2 43. Rc1 Nc3 44. Kh2 a2 45. e4 Nbd1 46.
d5 exd5 47. exd5 Qxd5 48. Rxc3 Qe5+ 49. g3 Nxc3 0-1

[Event "*** Titled Tuesday Blitz"]
[Site "Chess.com"]
[Date "2019.01.01"]
[Round "4"]
[White "rasmussvane"]
[Black "champ2005"]
[Result "1-0"]
[WhiteElo "2691"]
[BlackElo "2621"]
[TimeControl "180+2"]
[EndTime "13:55:06 PST"]
[Termination "rasmussvane won by resignation"]

1. Nf3 d5 2. d4 Nf6 3. c4 dxc4 4. e3 e6 5. Bxc4 c5 6. O-O Nc6 7. Qe2 Be7 8. Rd1 O-O 9. Nc3 cxd4 10. exd4 Nd5 11.
Qe4 Nxc3 12. bxc3 Qa5 13. Bd3 g6 14. Bh6 Rd8 15. Rac1 Bd7 16. Qf4 Be8 17. Bg5 Rac8 18. h4 h5 19. Bxe7 Nxe7 20. Qh6 f6 21. Re1 Bf7 22. c4 Qc7 23. Re3 Nf5 24. Bxf5 exf5 25. c5 Rd7 26. Rce1 b6 27. cxb6 axb6 28. d5 Qd8 29. Nd4 Qf8 30. Nxf5 Qxh6 31. Nxh6+ Kg7 32. Nxf7 Kxf7 33. Re6 Rc2 34. Rxb6 Rxa2 35. Ree6 f5 36. Rf6+ Ke7 37. Rbe6+ Kd8 38. d6 Rg7 39. Rxg6 1-0

[Event "*** Titled Tuesday Blitz"]
[Site "Chess.com"]
[Date "2019.01.01"]
[Round "4"]
[White "TBergh98"]
[Black "IamSchrodingersCat"]
[Result "0-1"]
[WhiteElo "2264"]
[BlackElo "2489"]
[TimeControl "180+2"]
[EndTime "13:55:08 PST"]
[Termination "IamSchrodingersCat won by resignation"]

1. Nf3 g6 2. c4 Bg7 3. Nc3 d6 4. e4 Nd7 5. d4 e5 6. Be3 Ngf6 7.
Be2 O-O 8. dxe5 dxe5 9. O-O c6 10.
b4 Nh5 11. Nd2 Nf4 12. c5 Nf6 13. Nc4 Be6 14. Nd6 b5 15. Re1 Ne8 16. a4 a6 17.
axb5 axb5 18. Qd2 Nxe2+ 19. Nxe2 Nxd6 20. cxd6 Qd7 21. Bc5 Rfd8 22. Reb1 Bf8 23. Rxa8 Rxa8 24. Rd1 Bb3 25. Rb1 Bc4 26. Nc3 Rd8 27. Rd1 Qe6 28.
Qg5 Rd7 29. h3 Bb3 30. Ra1 Kg7 31. Be3 Qxd6 32. Qh6+ Kg8 33. Ra8 Rd8 34. Rxd8 Qxd8 35. Qg5 Qxg5 36. Bxg5 Bxb4 37. Ne2 Be6 38. Nc1 Bc4 39. Be3 Bd6 40. f3 b4 41. Kf2 b3 42.
Ne2 Bxe2 43. Kxe2 b2 0-1

[Event "*** Titled Tuesday Blitz"]
[Site "Chess.com"]
[Date "2019.01.01"]
[Round "4"]
[White "MatthewG-p4p"]
[Black "Mikhail_Golubev"]
[Result "1-0"]
[WhiteElo "2650"]
[BlackElo "2494"]
[TimeControl "180+2"]
[EndTime "13:55:10 PST"]
[Termination "MatthewG-p4p won on time"]

1. c4 g6 2. Nc3 Bg7 3. g3 e5 4.
Bg2 d6 5. d3 Nc6 6. e3 Nf6 7.
Nge2 O-O 8. O-O Be6 9. Nd5 Qd7 10. Re1 Ne8 11. Rb1 Nd8 12. b4 c6 13. Ndc3 d5 14. cxd5 cxd5 15. d4 e4 16. Nf4 Nf6 17. a4 Bg4 18.
Qb3 Rc8 19. Ncxd5 Nxd5 20. Qxd5 Qxa4 21. Bxe4 Re8 22. Bg2 Bf5 23. Qb3 Qa6 24. e4 Bxd4 25. Bb2 Bxb2 26. exf5 Rxe1+ 27. Rxe1 Qa3 28. Qd5 Nc6 29.
fxg6 hxg6 30. Nxg6 Qxb4 31. Re4 Qc3 32. Rg4 Qe1+ 33.
Bf1 Bg7 34. Nh8 Qe6 35. Qh5 1-0

[Event "*** Titled Tuesday Blitz"]
[Site "Chess.com"]
[Date "2019.01.01"]
[Round "4"]
[White "mersad_98"]
[Black "Litti"]
[Result "0-1"]
[WhiteElo "2631"]
[BlackElo "2514"]
[TimeControl "180+2"]
[EndTime "13:55:13 PST"]
[Termination "Litti won by resignation"]

1. e4 c5 2. Nf3 e6 3. d4 cxd4 4. Nxd4 Nf6 5. Nc3 Nc6 6. Ndb5 Bb4 7. a3 Bxc3+ 8. Nxc3 d5 9. exd5 exd5 10. Bd3 O-O 11. O-O d4 12. Ne2 Bg4 13. f3 Bh5 14. Nf4 Bg6 15.
Nxg6 hxg6 16. f4 Ne7 17. Qf3 Qd5 18. Bd2 Qxf3 19. Rxf3 Nf5 20. Re1 Rfe8 21. Rff1 Nd5 22. Rxe8+ Rxe8 23. Re1 Rxe1+ 24. Bxe1 Nxf4 25. Be4 b6 26.
Bf2 Ne3 27. c3 Ne2+ 28. Kh1 Nd1 29. Be1 dxc3 30. bxc3 Ndxc3 31. Bd3 Nf4 32. Bc4 Nfd5 33. g3 Kf8 34. Kg2 Ne3+ 35. Kf3 Nxc4 36. Bxc3 f6 37. Ke4 Kf7 38. a4 Ke6 39. g4 Nd6+ 40. Kf4 g5+ 41. Ke3 Kd5 42. Kd3 Ne4 43. Bb4 Nf2+ 44. Ke2 Nxg4 45.
h3 Ne5 46. Bf8 Nd7 47. Be7 Nc5 48. Bf8 Nxa4 49. Bxg7 Ke6 50. Bf8 Nc5 51. Ke3 a5 52. Kd4 a4 53. Kc4 a3 54. Kc3 f5 55. Bh6 g4 56. hxg4 fxg4 57. Bc1 a2 58. Kb2 Nd3+ 59. Ka1 Nxc1 60. Kb2 g3 0-1

[Event "*** Titled Tuesday Blitz"]
[Site "Chess.com"]
[Date "2019.01.01"]
[Round "4"]
[White "StephenDedalus83"]
[Black "MITerryble"]
[Result "0-1"]
[WhiteElo "2721"]
[BlackElo "2826"]
[TimeControl "180+2"]
[EndTime "13:55:14 PST"]
[Termination "MITerryble won by resignation"]

1. e4 e6 2. d4 d5 3. Nc3 Nf6 4. e5 Nfd7 5. f4 c5 6. Nf3 Nc6 7. Be3 Be7 8. dxc5 O-O 9. Qd2 Nxc5 10. Be2 a6 11. O-O b5 12. a3 Bb7 13. Nd4 Nxd4 14.
Bxd4 Ne4 15. Nxe4 dxe4 16. Qe3 Rc8 17. c3 Qc7 18. b4 Bd5 19. a4 Qc6 20. axb5 axb5 21.
Ra7 Rfe8 22. Rfa1 Rb8 23. R1a6 Qc8 24. g3 g6 25. h4 Bf8 26. h5 Re7 27. Ra5 Bc6 28.
g4 Rxa7 29. Rxa7 Ra8 30. g5 Rxa7 31. Bxa7 gxh5 32. Bxh5 Qa6 33. Bc5 Qa1+ 34. Kg2 Bxc5 35. bxc5 b4 36. cxb4 Qb2+ 37. Kg3 Qxb4 38. Be2 Bd5 39.
Bf1 Kg7 40. Bg2 Kg8 41. Kg4 Qb1 42. f5 Qd1+ 43. Kf4 Qh5 44. Qh3 Qe2 45. g6 Qd2+ 46.
Qe3 Qxg2 47. gxf7+ Kxf7 48. fxe6+ Kxe6 49. c6 Qf3+ 50.
Qxf3 exf3 51. c7 Kd7 52. Ke3 Kxc7 0-1

[Event "*** Titled Tuesday Blitz"]
[Site "Chess.com"]
[Date "2019.01.01"]
[Round "4"]
[White "MaestroASK"]
[Black "Hrant_ChessMood"]
[Result "0-1"]
[WhiteElo "2546"]
[BlackElo "2957"]
[TimeControl "180+2"]
[EndTime "13:55:14 PST"]
[Termination "Hrant_ChessMood won by resignation"]

1. g3 d5 2. d3 c5 3. e4 dxe4 4. dxe4 Qxd1+ 5. Kxd1 Nc6 6. Nd2 f5 7. f3 Nf6 8. Bh3 g6 9. Ne2 Bh6 10. exf5 Bxf5 11. Bxf5 gxf5 12. c3 O-O-O 13. Kc2 Nd5 14. Nc4 Bxc1 15. Raxc1 b5 16. Na3 a6 17. Rce1 Ne5 18.
Ng1 Nc6 19. Nh3 e5 20. Kc1 Rhe8 21. Ng5 Re7 22. Re2 h6 23. Nh3 b4 24. Nb1 bxc3 25.
bxc3 Na5 26. Nf2 Nc4 27. Nd1 Kc7 28. Nd2 Ndb6 29. Nxc4 Nxc4 30. Nb2 Nxb2 31. Kxb2 Rd3 32. Rf1 c4 33. Kc2 Kd6 34. Rd1 Rxd1 35. Kxd1 Ke6 36.
Rb2 Rd7+ 37. Ke2 Rd3 38. Rb6+ Kd5 39. Rxa6 Rxc3 40. Rxh6 Rc2+ 41. Ke3 Rxa2 42. Rh8 Ra3+ 43. Ke2 f4 44. gxf4 exf4 45. Rd8+ Kc5 46. Rf8 Ra2+ 47. Kd1 Kd4 48. Rxf4+ Kd3 49. Kc1 c3 50. Kb1 Rb2+ 51. Ka1 Rb5 52. Rf8 c2 53. Rc8 Rb1+ 0-1